 Dungeon Crawl Stone Soup version 0.30.1-11-g7821555f0a (webtiles) character file.

Game seed: 16967816788739913530

41 Zippel the Trooper (level 3, 0/30 HPs)
             Began as a Barachi Wanderer on Jan 1, 2024.
             Slain by a worm (7 damage)
             ... on level 3 of the Dungeon.
             The game lasted 00:10:00 (1856 turns).

Zippel the Trooper (Barachi Wanderer)               Turns: 1856, Time: 00:10:01

Health: 0/30       AC:  3    Str: 12    XL:     3   Next: 52%
Magic:  3/3        EV: 10    Int: 11    God:
Gold:   182        SH:  7    Dex: 15    Spells: 2/2 levels left

rFire   . . .        f - +0 dagger
rCold   . . .        b - +2 buckler
rNeg    . . .        j - +0 leather armour
rPois   .            (no helmet)
rElec   .            (no cloak)
rCorr   .            (no gloves)
SInv    .            (no boots)
Will    .....        (no amulet)
Stlth   +            (no ring)
HPRegen 0.25/turn    (no ring)
MPRegen 0.08/turn

%: no passive effects
@: slow
A: amphibious, slowness 1, strong legs 1, +LOS
a: Hop


You were on level 3 of the Dungeon.
You visited 1 branch of the dungeon, and saw 3 of its levels.

You collected 182 gold pieces.

Inventory:

Hand Weapons
 a - a +0 spear
 f - a +0 dagger (weapon)
Missiles
 l - 5 boomerangs of dispersal
 n - 4 silver javelins
Armour
 b - a +2 buckler (worn)
 j - a +0 leather armour (worn)
 o - a +0 robe of willpower
Wands
 c - a wand of flame (3) (quivered)
Scrolls
 d - a scroll of blinking
 e - a scroll of fog {unknown}
 g - a scroll of enchant armour {unknown}
 i - 2 scrolls of identify {unknown}
 k - a scroll of fear {unknown}
 p - a scroll of butterflies {unknown}
 r - 2 scrolls of teleportation {unknown}
Potions
 h - a potion of mutation {unknown}
 m - 2 potions of curing {unknown}
 q - a potion of degeneration {unknown}


   Skills:
 + Level 4.0 Fighting
 + Level 1.0 Short Blades
 + Level 2.4 Polearms
 + Level 0.3 Armour
 + Level 0.8 Dodging
 + Level 0.1 Stealth
 + Level 2.7 Shields
 + Level 3.3 Evocations


You had 2 spell levels left.
You didn't know any spells.
Your spell library contained the following spells:

 Spells                   Type           Power      Damage    Failure   Level
 Kiss of Death            Conj/Necr      0%         2d5       54%         1
 Ensorcelled Hibernation  Hex/Ice        0%         N/A       67%         2
 Confusing Touch          Hex            0%         N/A       88%         3
 Spider Form              Tmut/Pois      0%         N/A       88%         3
 Anguish                  Hex/Necr       0%         N/A       99%         4
 Animate Dead             Necr           0%         N/A       99%         4
 Dispel Undead            Necr           0%         3d6       99%         4
 Borgnjor's Vile Clutch   Necr/Erth      0%         N/A       100%        5
 Death Channel            Necr           0%         N/A       100%        6


Dungeon Overview and Level Annotations

Branches:
Dungeon (3/15)

Altars:
Trog


Innate Abilities, Weirdness & Mutations

You are amphibious.
You cover ground slowly.
You can hop short distances.
You have an extended range of vision and can be seen from far away.


Message History

You closely miss the jackal.
The jackal is severely wounded.
The jackal barely misses you. The jackal misses you.
You closely miss the jackal.
The jackal is severely wounded.
The jackal bites you.
You barely miss the jackal.
The jackal is severely wounded.
The jackal bites you but does no damage. x2
You closely miss the jackal.
The jackal is severely wounded.
The jackal bites you but does no damage.
You hit the jackal but do no damage.
The jackal is severely wounded.
The jackal bites you but does no damage.
You hit the jackal.
The jackal is almost dead.
The jackal bites you.
The jackal bites you but does no damage.
You miss the jackal.
The jackal is almost dead.
You block the jackal's attack.
You hit the jackal.
You kill the jackal!
You hit the worm but do no damage. The worm bites you!
* * * LOW HITPOINT WARNING * * *
Aiming: Throw Flame
Press: ? - help, Shift-Dir - straight line, f - worm
Aim: a worm (90% to hit)
The puff of flame hits the worm!
The worm is severely wounded.
You hit the worm but do no damage.
The worm is severely wounded.
The worm misses you.
You hit the worm.
The worm is severely wounded.
You barely miss the worm.
The worm is severely wounded.
The worm bites you!
You die...

#.#.........##
#.#.^........#
#...^...w>...#
#....^:..^w.#
#.#^........#
#.##...w...# #.#
^...^ ########.#
###w######
.........###..ww@...#
#.............#######
....########### #####


You could see 3 worms.

Vanquished Creatures
  2 worms
  3 bats
  3 endoplasms
  3 giant cockroaches
  2 goblins
  5 hobgoblins
  4 jackals
  4 ball pythons
  2 frilled lizards (D:2)
  A rat (D:3)
29 creatures vanquished.

Notes
Turn   | Place    | Note
-------+----------+-------------------------------------------
     0 | D:1      | Zippel the Barachi Wanderer began the quest for the Orb.
     0 | D:1      | Zippel set off with the following items: a +0 spear, a +2
                  | buckler, a wand of flame (4), a scroll of blinking, a +0
                  | robe.
     0 | D:1      | Reached XP level 1. HP: 18/18 MP: 1/1
   167 | D:1      | Reached XP level 2. HP: 19/25 MP: 2/2
  1262 | D:2      | Reached skill level 4 in Fighting
  1262 | D:2      | Reached XP level 3. HP: 30/30 MP: 3/3
  1437 | D:2      | Found a bloodstained altar of Trog.
  1650 | D:3      | Reached skill level 1 in Short Blades
  1856 | D:3      | Slain by a worm

Illustrated notes

Levels and vault maps discovered:
D:1:      dpeg_arrival_rooms_c, layout_basic
D:2:      layout_loops_ring, basic_altar
D:3:      layout_loops_ring, nicolae_wormholes, uniq_crazy_yiuf_cottage,
          uniq_sigmund

Skill      XL: |  1  2  3 |
---------------+----------+-----
Fighting       | 4 |  4.0
Short Blades   | 1 |  1.0
Polearms       | |  2.4
Armour         | |  0.3
Dodging        | |  0.8
Stealth        | |  0.1
Shields        | |  2.7
Evocations     | |  3.3

Action                     || total
---------------------------++-------
  Melee: Spear             ||    21
         Dagger            ||   196
  Evoke: Wand              ||     1
   Stab: Sleeping          ||     3
 Armour: Robe              ||    11
         Leather armour    ||    22
  Dodge: Dodged            ||    77
  Block: Buckler           ||    62
